 Dungeon Crawl Stone Soup version 0.29-a0-993-g4a18f31a58 (webtiles) character file.

Game seed: 13568700665194823839

525 nicolae the Changer (level 7, -4/72 HPs)
             Began as an Octopode Transmuter on Aug 2, 2022.
             Slain by an ogre
             ... wielding a +0 giant club
              (14 damage)
             ... on level 4 of the Dungeon.
             The game lasted 00:07:51 (3566 turns).

nicolae the Changer (Octopode Transmuter)           Turns: 3566, Time: 00:07:51

Health: -4/72      AC: 23    Str:  9    XL:     7   Next: 22%
Magic:  6/10       EV:  2    Int: 24    God:
Gold:   222        SH:  0    Dex: 12    Spells: 1/10 levels left

rFire   . . .      SeeInvis .     - Unarmed
rCold   . . .      Faith    .   (no shield)
rNeg    + . .      Spirit   .   (helmet currently unavailable)
rPois   +          Reflect  .   h - amulet of regeneration
rElec   .          Harm     .   f - ring of positive energy
rCorr   .          Rampage  .   l - +6 ring of intelligence
Will    .....      NoTele   +   o - ring of poison resistance
Stlth   +.........              (no ring)
HPRegen 1.02/turn               (no ring)
MPRegen 0.12/turn               (no ring)
                                (no ring)
                                (no ring)

@: tree-form
A: stationary, stasis, torment immunity, boosted hp, almost no armour,
(amphibious), 8 rings, (camouflage 1), (gelatinous body 1), (nimble swimmer 1),
(tentacles)
a: no special abilities


You were on level 4 of the Dungeon.
You were a tree.
You visited 1 branch of the dungeon, and saw 4 of its levels.

You collected 222 gold pieces.

Inventory:

Missiles
 c - 3 poisoned darts
Jewellery
 f - a ring of positive energy (left branch)
 h - an amulet of regeneration (around neck)
 l - a +6 ring of intelligence (right branch)
 o - a ring of poison resistance (on tentacle)
Wands
 p - a wand of flame (21)
Scrolls
 e - 2 scrolls of teleportation
 j - a scroll of vulnerability
 n - a scroll of fog
Potions
 a - 2 potions of lignification
 b - 2 potions of ambrosia
 d - a potion of resistance
 g - a potion of curing
 i - a potion of mutation {unknown}
 k - a potion of flight {unknown}
 m - 3 potions of brilliance


   Skills:
 - Level 4.0 Fighting
 - Level 4.0 Dodging
 - Level 3.0 Unarmed Combat
 - Level 2.0 Spellcasting
 - Level 5.0 Transmutations
 + Level 1.9 Ice Magic


You had one spell level left.
You knew the following spells:

 Your Spells              Type           Power      Damage    Failure   Level
a - Beastly Appendage     Tmut           52%        N/A       1%          1
b - Wereblood             Tmut           26%        N/A       2%          2
c - Ice Form              Ice/Tmut       19%        N/A       28%         4
d - Static Discharge      Conj/Air       2%         3-4/arc   19%         2

Your spell library contained the following spells:

 Spells                   Type           Power      Damage    Failure   Level
 Spider Form              Tmut/Pois      14%        N/A       13%         3
 Dispel Undead            Necr           2%         3d7       75%         4
 Sticky Flame             Conj/Fire      2%         2d3       75%         4


Dungeon Overview and Level Annotations

Branches:
Dungeon (4/15)
 Temple: D:4-7

Altars:

Shops:
D:3 ?


Innate Abilities, Weirdness & Mutations

You are a tree.
Your roots penetrate the ground, keeping you stationary.
You cannot be teleported.
You are immune to unholy pain and torment.
Your maximum health is greatly increased.
You cannot wear most types of armour.
((You are amphibious.))
You can wear up to eight rings at the same time.
((Your skin changes colour to match your surroundings (Stealth+).))
((Your rubbery body absorbs attacks. (AC +1, EV +1)))
((You are camouflaged when in or above water. (Stealth+)))
((You have tentacles for arms and can constrict up to eight enemies at once.))


Message History

You kill the gnoll!
No target in view!
p - a wand of flame (21)
You now have 222 gold pieces (gained 10).
You see here a +0 spear.
You start resting.
HP restored.
You start resting.
Your transformation is almost over.
HP restored.
You warm up again.
You start resting.
Magic restored.
An ogre comes into view. It is wielding a +0 giant club.
Found a spear.
The ogre shouts!
Casting: Ice Form (quite dangerous; 28% risk of failure)
Confirm with . or Enter, or press ? or * to list all spells.
You can't see any susceptible monsters within range! (Use Z to cast anyway.) Unknown command.
Casting: Ice Form (quite dangerous; 28% risk of failure)
Confirm with . or Enter, or press ? or * to list all spells.
The spell is quite dangerous to miscast (28% risk of failure)!
Continue anyway?
You turn into a creature of crystalline ice.
You completely miss the ogre. The ogre hits you with a +0 giant club!
You barely miss the ogre. You hit the ogre but do no damage.
The ogre hits you with a +0 giant club!!
You are too injured to fight recklessly!
You hit the ogre. You freeze the ogre.
The ogre is lightly wounded.
You hit the ogre. You freeze the ogre.
The ogre is lightly wounded.
The ogre hits you with a +0 giant club!!
* * * LOW HITPOINT WARNING * * *
Really quaff the potion of lignification?
You warm up again.
You turn into a tree.
Your roots penetrate the ground.
The ogre hits you with a +0 giant club!
You die...

#....##. #...>##.
####.##.### ######
#....#....# ......#
#[#.#)..>.# .......##
#....)#.#.. ........#
#...###.### ......O.#
####...###.# #
.......♣###.......##.###
...)........##..........
.........##....#........
........................
............####........
............# #........
........###.# ........
......... #.# ......#
....... .. ##..


You could see an ogre.

Vanquished Creatures
  Eustachio (D:4)
  An ice beast (D:4)
  A hound (D:4)
  An orc priest (D:3)
  Jessica (D:3)
  Terence (D:3)
  An orc wizard (D:3)
  3 gnolls (D:4)
  6 adders
  A worm (D:3)
  3 dart slugs
  2 orcs
  7 ball pythons
  9 endoplasms
  A giant cockroach (D:1)
  7 goblins
  4 hobgoblins
  2 quokkas
  3 bats
  6 frilled lizards
  3 kobolds
  4 rats
68 creatures vanquished.

Notes
Turn   | Place    | Note
-------+----------+-------------------------------------------
     0 | D:1      | nicolae the Octopode Transmuter began the quest for the
                  | Orb.
     0 | D:1      | Reached XP level 1. HP: 13/13 MP: 3/3
   149 | D:1      | Reached XP level 2. HP: 18/18 MP: 5/5
   155 | D:1      | Learned a level 2 spell: Wereblood
  1653 | D:2      | Reached XP level 3. HP: 24/24 MP: 4/6
  2374 | D:2      | Found a faded altar of an unknown god.
  2466 | D:3      | Reached XP level 4. HP: 26/29 MP: 5/7
  2474 | D:3      | Learned a level 4 spell: Ice Form
  2582 | D:3      | Reached skill level 3 in Transmutations
  2586 | D:3      | Noticed Jessica
  2597 | D:3      | Found Onos's Magic Scroll Emporium.
  2602 | D:3      | Killed Jessica
  2603 | D:3      | Reached XP level 5. HP: 20/35 MP: 8/8
  2641 | D:3      | Noticed Terence
  2657 | D:3      | Killed Terence
  3202 | D:4      | Noticed Eustachio
  3220 | D:4      | Noticed an ice beast
  3236 | D:4      | Killed an ice beast
  3237 | D:4      | Reached skill level 4 in Transmutations
  3237 | D:4      | Reached XP level 6. HP: 15/42 MP: 2/9
  3323 | D:4      | Killed Eustachio
  3324 | D:4      | Reached skill level 5 in Transmutations
  3324 | D:4      | Reached XP level 7. HP: 48/48 MP: 6/10
  3432 | D:4      | Reached skill level 1 in Ice Magic
  3435 | D:4      | Learned a level 2 spell: Static Discharge
  3566 | D:4      | Slain by an ogre

Illustrated notes

Levels and vault maps discovered:
D:1:      nzn_arrival_depleted_hourglass, layout_basic
D:2:      minmay_general_purpose_star, layout_basic,
          chequers_ecumenical_altar_island, minmay_misc_feat_tiny
D:3:      layout_rooms, serial_shops, shop, minmay_misc_feat_pillars,
          uniq_jessica, uniq_terence
D:4:      layout_rooms, kennysheep_generic_room_9, uniq_eustachio

Skill      XL: |  1  2  3  4  5  6  7 |
---------------+----------------------+-----
Fighting       | 2 3 4 |  4.0
Dodging        | 3 4 |  4.0
Transmutations | 3 4 5 |  5.0
Ice Magic      | 1 |  1.9
Unarmed Combat | |  3.0
Spellcasting   | |  2.0

Action                   |  1- 3 |  4- 6 |  7- 9 || total
-------------------------+-------+-------+-------++-------
Melee: Unarmed           |    64 |    89 |    26 ||   179
       Tentacles         |    11 |    14 |     2 ||    27
       Constrict         |    15 |    17 |     2 ||    34
       Kick              |    11 |    24 |     4 ||    39
       Punch             |     1 |     4 |     1 ||     6
 Cast: Beastly Appendage |    22 |    10 |     5 ||    37
       Wereblood         |       |     2 |       ||     2
       Ice Form          |       |     1 |     2 ||     3
  Use: Scroll            |     6 |     3 |       ||     9
       Potion            |     1 |     1 |     1 ||     3
 Stab: Sleeping          |     7 |     3 |       ||    10
Armor: Skin              |     1 |    29 |     7 ||    37
Dodge: Dodged            |    26 |    69 |     7 ||   102

Table legend: (Time is in decaauts)
 A = Elapsed time spent in this place.
 B = Non-inter-level travel time spent in this place.
 C = Inter-level travel time spent in this place.
 D = Time resting spent in this place.
 E = Time spent auto-exploring this place.
 F = Levels seen in this place.
 G = Mean time per level.
                   A        B        C        D        E       F      G
               +--------+--------+--------+--------+--------+-----+--------+
         Total |   3554 |   3390 |    164 |    764 |   2074 |   4 |  888.5 |
       Dungeon |   3554 |   3390 |    164 |    764 |   2074 |   4 |  888.5 |
               +--------+--------+--------+--------+--------+-----+--------+

Top non-repeatable levels by time:
     D:1: 1485 daAuts
     D:2: 967 daAuts
     D:3: 804 daAuts
     D:4: 296 daAuts
